 Dungeon Crawl Stone Soup version 0.28-a0-1510-gd0f6b136d3 (webtiles) character file.

Game seed: 10539724501952928729

20468 comborobin the Geomancer (level 12, -19/72 HPs)
             Began as a Vine Stalker Delver on Jan 15, 2022.
             Was the Champion of Cheibriados.
             Shot with an arrow by a deep elf archer (27 damage)
             ... on level 12 of the Dungeon.
             The game lasted 00:26:41 (10763 turns).

comborobin the Geomancer (Vine Stalker Delver)     Turns: 10763, Time: 00:26:42

Health: -19/72     AC: 28    Str: 31    XL:     12   Next: 79%
Magic:  0/25       EV: 13    Int: 27    God:    Cheibriados [******]
Gold:   569        SH:  0    Dex: 33    Spells: 17/27 levels left

rFire   + . .      SeeInvis .     - Unarmed
rCold   + . .      Faith    .   (no shield)
rNeg    + . .      Spirit   +   (armour currently unavailable)
rPois   ∞          Reflect  .   v - +0 hat
rElec   +          Harm     .   M - +0 cloak
rCorr   .          Rampage  .   (gloves currently unavailable)
Will    +....                   (boots currently unavailable)
Stlth   +++++.....              p - amulet of regeneration
HPRegen 1.82/turn               q - ring of protection from fire
MPRegen 0.19/turn               s - ring of protection from cold

@: statue-form, very slow
A: slow and powerful, torment resistance 1, boosted hp, fangs 3, regeneration 1,
magic shield, antimagic bite, no potion heal 2
a: End Transformation, Renounce Religion, Bend Time, Temporal Distortion,
Slouch, Step From Time


You were on level 12 of the Dungeon.
You worshipped Cheibriados.
Cheibriados was exalted by your worship.
You were a living statue of rough stone.
You visited 2 branches of the dungeon, and saw 14 of its levels.

You collected 618 gold pieces.
You spent 49 gold pieces at shops.

Inventory:

Hand Weapons
 a - a +2 short sword of electrocution
 m - a +5 vorpal short sword
 y - a +0 great sword
Missiles
 j - 21 poisoned darts (quivered)
 k - 7 curare-tipped darts
 D - a throwing net
Armour
 b - a +1 leather armour
 e - a +4 troll leather armour (melded)
 f - a +0 robe
 o - a +1 pair of gloves (melded)
 v - a +0 hat (worn)
 B - a +0 pair of boots (melded)
 H - a scarf of invisibility
 I - a +0 kite shield
 M - a +0 cloak (worn)
Jewellery
 c - a ring of see invisible
 l - a ring of fire
 p - an amulet of regeneration (around neck)
 q - a ring of protection from fire (left fist)
 s - a ring of protection from cold (right fist)
 J - an amulet of regeneration
Wands
 i - a wand of polymorph (1)
 x - a wand of iceblast (8)
 L - a wand of flame (23)
Scrolls
 w - 3 scrolls of identify
 C - 2 scrolls of immolation
 E - 5 scrolls of amnesia
 G - a scroll of silence
Potions
 h - 2 potions of brilliance
 r - 2 potions of mutation
 z - 3 potions of curing
 F - 8 potions of ambrosia
 K - 2 potions of attraction
 N - a potion of berserk rage {unknown}
 O - a potion of heal wounds {unknown}
 Q - 2 potions of cancellation


   Skills:
 - Level 3.1 Fighting
 - Level 6.2 Short Blades
 - Level 3.0 Armour
 - Level 1.9 Dodging
 - Level 8.0 Stealth
 + Level 9.7 Unarmed Combat
 - Level 8.0 Spellcasting
 - Level 9.6 Transmutations
 - Level 9.7 Earth Magic
 - Level 4.2 Invocations


You had 17 spell levels left.
You knew the following spells:

 Your Spells              Type           Power      Damage    Failure   Level
b - Petrify               Tmut/Erth      58%        N/A       1%          4
T - Statue Form           Tmut/Erth      38%        N/A       16%         6

Your spell library contained the following spells:

 Spells                   Type           Power      Damage    Failure   Level
 Freeze                   Ice            40%        1d6       5%          1
 Shock                    Conj/Air       40%        1d5       5%          1
 Slow                     Hex            40%        N/A       5%          1
 Static Discharge         Conj/Air       10%        N/A       8%          2
 Confusing Touch          Hex            10%        N/A       16%         3
 Frozen Ramparts          Ice            20%        1d4       16%         3
 Swiftness                Air            10%        N/A       16%         3
 Vampiric Draining        Necr           10%        2d6       16%         3
 Airstrike                Air            5%         N/A       45%         4
 Hailstorm                Conj/Ice       10%        3d5       45%         4
 Lightning Bolt           Conj/Air       5%         1d17      82%         5
 Metabolic Englaciation   Hex/Ice        5%         N/A       82%         5
 Maxwell's Capacitive Co  Air            5%         ∞         100%        8


Dungeon Overview and Level Annotations

Branches:
Dungeon (13/15)            Temple (1/1) D:5            Lair (0/6) D:9
    Orc (0/2) D:9
 Vaults: D:13-14

Altars:
Ashenzari
Cheibriados
Dithmenos
Elyvilon
Fedhas
Gozag
Hepliaklqana
Kikubaaqudgha
Makhleb
Nemelex Xobeh
Okawaru
Qazlal
Ru
Sif Muna
Trog
Uskayaw
Vehumet
Wu Jian
Xom
Yredelemnul
Zin
The Shining One

Shops:
D:6 ([![   D:7 (

Portals:
Trove: D:10 (give 5 scrolls of fear)

Annotations:
D:4 3 runed translucent doors, pigah's ghost, amateur OpWn
D:7 1 exclusion
D:9 1 runed translucent door, Maimakterion's ghost, journeyman DrTm


Innate Abilities, Weirdness & Mutations

You are a living statue of rough stone.
Your actions are slow, but your melee attacks are powerful.
You are resistant to unholy torment.
Your maximum health is greatly increased.
You are immune to poison.
Your equipment is partially melded.
You have razor-sharp teeth.
Your natural rate of healing is unusually fast.
When hurt, damage is shared between your health and your magic reserves.
Your bite disrupts and absorbs the magic of your enemies.
Potions cannot restore your health.


Message History

The fire elemental barely misses you.
Unknown command.
You punch the fire elemental!
The fire elemental is moderately damaged.
The hell hound stops to sniff the ground.
The deep elf archer shoots an arrow.
The arrow hits you!
* * * LOW HITPOINT WARNING * * *
The fire elemental hits you. The fire elemental burns you! You resist.
* * * LOW HITPOINT WARNING * * *
The hell hound breathes flames at you.
The blast of flame hits the hell hound.
The hell hound completely resists.
The blast of flame misses the fire elemental.
The blast of flame hits you but does no damage.
The fire elemental closely misses you.
You hear a shout!
You punch the fire elemental! You bite the fire elemental!
You destroy the fire elemental!
Cheibriados thoroughly appreciates the change of pace.
The hell hound bites you but does no damage.
The deep elf archer shoots an arrow.
The arrow hits you!!
* * * LOW HITPOINT WARNING * * *
Unknown command.
Unknown command.
You pummel the hell hound like a punching bag!!!
You kill the hell hound!
Cheibriados thoroughly appreciates the change of pace.
Cheibriados raises the support of your attributes as your movement slows.
The deep elf archer shoots an arrow.
The arrow completely misses you.
You pummel the hell hound!!
You kill the hell hound!
Cheibriados thoroughly appreciates the change of pace.
The basilisk gazes at you. You resist with almost no effort.
The deep elf archer points at you and mumbles some strange words.
You easily resist.
You pulverise the fire elemental!!!
You destroy the fire elemental!
Cheibriados thoroughly appreciates the change of pace.
The deep elf archer shoots an arrow.
The arrow hits you!!
You die...

,,,,,,.○*,,,#,..#,,,,,,,*,^,*,,,*
,,,,,,○,*,#,#.#.#,#*+**,*,*,*,*,*
,,,,,,,,,.#.☼○#...#,,,*,,,*,,,*,,
,,,,,,,,*,..#,..#§#,,,*,*,,,*,,,*
,,,,,,,,,,*...#.§B#,,,*,,,*,,,*,,
,,,,,,,,*,*,#.#.#§*****,*,*,*,*,*
*****,,,*,,,#°°.#,,,,,,,*,,,*,,,*
*,,,*,*,#°#l###.#.##*,*,*,*,*
*,,,,,*...#.8(.e....,,*,,,*,, **
*,,,*,#.#,###.##.##.***,*,*,* ,*
*,,,*...*,,,○...,,,,,,,,*,,,*
,****,,,#/#,***,*##.#,***,***,*,*
,,,,*,,,$.*,,,,,,,,...,,,,,,,,*,,
,**,*,,,*,***,***,**.##,***,***,*
,,,,,,,,*,,,,,,,,,,,,.,,,,,,,,,,*
,,*,*,,,***,***,***,*.#**,***,***
,,*,*,,,,,,,,,,,,,,,,,,,,,,,,,,,,


You could see a deep elf archer (repels missiles) and a basilisk.

Vanquished Creatures
  Azrael (D:12)
  A hydra (D:12)
  A rakshasa (D:12)
  Erolcha (D:12)
  2 boulder beetles
  3 two-headed ogres
  A fire crab (D:11)
  A manticore (D:10)
  2 ugly things (D:12)
  3 cyclopes
  Joseph (D:10)
  A gargoyle (D:10)
  A troll (D:9)
  A meliai (shapeshifter) (D:12)
  A queen bee (D:11)
  A wraith (D:11)
  A centaur simulacrum (D:12)
  3 fire elementals (D:12)
  15 yaks
  2 wyverns
  A shadow (D:9)
  3 steam dragons
  3 vampire mosquitoes (D:12)
  A water moccasin (D:7)
  4 hell hounds (D:12)
  4 orc warriors
  4 black bears
  3 necrophages
  2 sky beasts (D:7)
  2 ice beasts
  4 ogres
  5 phantoms
  5 centaurs
  4 kobold brigands
  2 bullfrogs
  A wyvern zombie (D:8)
  3 scorpions
  A wyvern skeleton (D:7)
  A water moccasin skeleton (D:6)
  20 killer bees
  9 wights (D:8)
  5 howler monkeys
  3 centaur zombies
  A bullfrog zombie (D:5)
  11 orc priests
  A bullfrog skeleton (D:7)
  3 hounds
  4 jellies
  A gnoll shaman (D:7)
  6 iguanas
  7 orc wizards
  A killer bee zombie (D:9)
  5 ogre zombies (D:9)
  A howler monkey zombie (D:5)
  8 adders
  A shadow imp (D:7)
  A white imp (D:7)
  An ufetubus (D:6)
  A worm (D:2)
  A dart slug (D:4)
  32 orcs
  4 ball pythons
  5 endoplasms
  5 giant cockroaches
  5 goblins
  2 hobgoblins
  14 jackals
  2 quokkas
  A bat (D:3)
  2 frilled lizards
  A goblin skeleton (D:9)
  2 goblin zombies (D:9)
  A hobgoblin skeleton (D:9)
  2 hobgoblin zombies (D:9)
  17 kobolds
  4 orc skeletons (D:9)
  9 orc zombies (D:9)
  2 rats (D:1)
  A bush (D:11)
298 creatures vanquished.

Vanquished Creatures (others)
  3 fungi (D:9)
  13 plants
16 creatures vanquished.

Grand Total: 314 creatures vanquished

Notes
Turn   | Place    | Note
-------+----------+-------------------------------------------
     0 | D:5      | comborobin the Vine Stalker Delver began the quest for the
                  | Orb.
     0 | D:5      | Reached XP level 1. HP: 11/11 MP: 2/2
    17 | D:6      | Found Nuisoopor's Distillery.
    30 | D:6      | Found Gixiad's Armour Emporium.
    36 | D:6      | Noticed a boulder beetle
   127 | D:5      | Noticed an orc priest
   128 | D:5      | Killed an orc priest
   129 | D:5      | Reached XP level 2. HP: 16/16 MP: 3/3
   129 | D:5      | Reached XP level 3. HP: 19/19 MP: 4/4
   301 | D:5      | Found a glowing silver altar of Zin.
   318 | D:5      | Noticed a phantom
   349 | D:5      | Killed a phantom
   350 | D:5      | Gained mutation: Your natural rate of healing is unusually
                  | fast. [Vine Stalker growth]
   350 | D:5      | Reached XP level 4. HP: 23/23 MP: 5/5
   350 | D:5      | Reached XP level 5. HP: 27/27 MP: 6/6
   391 | D:5      | Found a broken altar of Ashenzari.
   414 | D:5      | Noticed a necrophage
   416 | D:5      | Killed a necrophage
   417 | D:5      | Reached skill level 5 in Short Blades
   615 | D:5      | Reached XP level 6. HP: 32/32 MP: 7/7
   775 | D:5      | Found a staircase to the Ecumenical Temple.
   905 | Temple   | Entered the Ecumenical Temple
   983 | Temple   | Became a worshipper of Cheibriados the Contemplative
  1222 | D:3      | Found a shimmering blue altar of Sif Muna.
  1254 | D:3      | Found an ancient bone altar of Kikubaaqudgha.
  1360 | D:3      | Found a shimmering altar of Xom.
  1362 | D:3      | Found a basalt altar of Yredelemnul.
  1437 | D:3      | Reached * piety under Cheibriados
  1771 | D:2      | Reached skill level 1 in Unarmed Combat
  1816 | D:2      | Reached XP level 7. HP: 35/35 MP: 8/8
  2276 | D:1      | Found a faded altar of an unknown god.
  2349 | D:1      | Learned a level 6 spell: Statue Form
  2678 | D:1      | Reached ** piety under Cheibriados
  3581 | D:4      | Found a runed translucent gate.
  3582 | D:4      | Found a runed translucent gate.
  3582 | D:4      | Found a runed translucent gate.
  3749 | D:4      | Noticed pigah's ghost (amateur OpWn)
  3852 | D:5      | Reached skill level 1 in Invocations
  3852 | D:5      | Gained mutation: You have razor-sharp teeth. [Vine Stalker
                  | growth]
  3852 | D:5      | Reached XP level 8. HP: 32/40 MP: 8/10
  3918 | D:5      | Reached skill level 1 in Spellcasting
  3918 | D:5      | Reached skill level 1 in Transmutations
  3918 | D:5      | Reached skill level 1 in Earth Magic
  4132 | D:6      | Found Asumni Miwne's Antique Armour Boutique.
  4224 | D:6      | Noticed a two-headed ogre
  4234 | D:6      | Killed a two-headed ogre
  4235 | D:6      | Reached XP level 9. HP: 23/44 MP: 4/15
  4237 | D:6      | Reached *** piety under Cheibriados
  4378 | D:6      | Found Kifipt's Weapon Emporium.
  4587 | D:6      | Learned a level 4 spell: Petrify
  4771 | D:7      | Found a radiant altar of Vehumet.
  4784 | D:7      | Found an opulent altar of Gozag.
  4784 | D:7      | You fall into a shaft and drop 1 floor!
  4987 | D:7      | Reached **** piety under Cheibriados
  5133 | D:7      | Found Roerchug's Weapon Shoppe.
  5177 | D:7      | Reached skill level 5 in Earth Magic
  5186 | D:7      | Reached skill level 5 in Spellcasting
  5217 | D:7      | Reached skill level 5 in Transmutations
  5545 | D:7      | Reached XP level 10. HP: 42/49 MP: 12/18
  6861 | D:9      | Reached ***** piety under Cheibriados
  6972 | D:9      | Found a staircase to the Orcish Mines.
  7457 | D:9      | Found a runed translucent door.
  7461 | D:9      | Noticed Maimakterion's ghost (journeyman DrTm)
  7462 | D:9      | Identified the +8 trident "Ixach" {venom, Contam *Corrode
                  | rN+++ Int+3}
  7584 | D:9      | Reached XP level 11. HP: 52/52 MP: 18/20
  7747 | D:9      | Found a staircase to the Lair.
  7776 | D:9      | Found a bloodstained altar of Trog.
  7927 | D:10     | Entered Level 10 of the Dungeon
  7927 | D:10     | Noticed Joseph
  7931 | D:10     | Killed Joseph
  7957 | D:10     | Noticed a manticore
  7960 | D:10     | Killed a manticore
  8001 | D:10     | Found a bloodstained altar of Trog.
  8175 | D:6      | Killed a boulder beetle
  8293 | D:6      | Found a white marble altar of Elyvilon.
  8325 | D:6      | Reached ****** piety under Cheibriados
  8412 | D:6      | Reached skill level 1 in Armour
  8568 | D:6      | Bought a +0 cloak for 49 gold pieces
  8939 | D:10     | Found a portal to a secret trove of treasure.
  9018 | D:10     | Found a stormy altar of Qazlal.
  9117 | D:10     | Found a sparkling altar of Nemelex Xobeh.
  9202 | D:10     | Identified the +6 hunting sling of Poges {vorpal, Contam
                  | Str+4 Dex+6}
  9584 | D:11     | Noticed a two-headed ogre
  9604 | D:11     | Killed a two-headed ogre
  9769 | D:11     | Noticed Sonja
  9770 | D:11     | Noticed Sonja
  9770 | D:11     | Sonja changed into Sonja the fire crab
  9779 | D:11     | Killed Sonja the fire crab
  9851 | D:11     | Reached XP level 12. HP: 56/56 MP: 19/24
 10051 | D:11     | Found a blossoming altar of Fedhas.
 10546 | D:13     | Noticed an eight-headed hydra
 10704 | D:12     | Reached skill level 5 in Unarmed Combat
 10705 | D:12     | Noticed a two-headed ogre
 10708 | D:12     | Killed a two-headed ogre
 10719 | D:12     | Noticed Azrael
 10721 | D:12     | Noticed a rakshasa
 10722 | D:12     | Noticed a boulder beetle
 10725 | D:12     | Noticed Erolcha
 10726 | D:12     | Noticed a six-headed hydra
 10729 | D:12     | Killed a six-headed hydra
 10731 | D:12     | Killed a rakshasa
 10737 | D:12     | Killed Erolcha
 10739 | D:12     | Killed a boulder beetle
 10749 | D:12     | Killed Azrael
 10760 | D:12     | HP: 1/72 [deep elf archer/arrow (10)]
 10763 | D:12     | Shot with an arrow by a deep elf archer

Illustrated notes

Levels and vault maps discovered:
D:1:      minmay_arrival_five_plusses, layout_basic,
          chequers_ecumenical_altar_simple, hangedman_decor_lopped
D:2:      layout_rooms, uniq_crazy_yiuf_cottage
D:3:      layout_rooms, mainiacjoe_overflow_paths, lemuel_crystal_altar,
          grunt_temple_overflow_open, minmay_misc_feat_ornament, minmay_vboxes
D:4:      nicolae_BIG_FREAKIN_CUBE, layout_basic, gammafunk_ghost_necromancy,
          kennysheep_generic_room_9
D:5:      layout_loops_cross, zin_scriptorium, mainiacjoe_overflow_boulevard,
          minmay_temple_entry_nine_rooms
D:6:      layout_gridville, mainiacjoe_overflow_brackets, serial_shops, shop,
          shop, nicolae_shop_hallway_stairs, nicolae_shop_advertising_works
          [nicolae_subvault_shop_adworks], minmay_joined_circles
D:7:      layout_loops_ring, nicolae_gozag_seed_capital,
          overflow_temple_1_default, serial_shops, nicolae_square_shop,
          serial_bayou_pond_b, kennysheep_generic_room_15
D:8:      layout_basic
D:9:      layout_roguey, lair_entry_dummy, zombieorc1_lemuel,
          ebering_ghost_funeral_grove, david_defended_altar_orc
D:10:     layout_roguey, trog_book, lemuel_coloured_pillars_altar,
          nicolae_qazlal_general_emergency, nicolae_trove_entry_crossroad,
          uniq_joseph
D:11:     layout_roguey, special_room [special_room_bee],
          fedhas_bush_and_centaur_altar, uniq_sonja
D:12:     minmay_dotted_concentric_squares, layout_basic, uniq_erolcha,
          uniq_azrael
D:13:     layout_cross, erik_vaults_2
Temple:   cyrus_temple_forest

Skill      XL: |  1  2  3  4  5  6  7  8  9 10 11 12 |
---------------+-------------------------------------+-----
Short Blades   | 3 4 5 6 |  6.2
Unarmed Combat | 1 4 9 |  9.7
Fighting       | 3 |  3.1
Invocations    | 1 3 4 |  4.2
Spellcasting   | 3 5 7 8 |  8.0
Transmutations | 3 5 8 9 |  9.6
Earth Magic    | 3 5 7 9 |  9.7
Stealth        | 7 8 |  8.0
Armour         | 3 |  3.0
Dodging        | |  1.9

Action                   |  1- 3 |  4- 6 |  7- 9 | 10-12 || total
-------------------------+-------+-------+-------+-------++-------
Melee: Short sword       |     6 |    93 |   219 |   376 ||   694
       Bite              |     2 |    26 |    62 |   190 ||   280
       Punch             |       |     1 |     6 |    22 ||    29
       Unarmed           |       |       |    12 |    65 ||    77
Throw: Dart              |       |     5 |    12 |    22 ||    39
 Cast: Petrify           |       |       |       |     4 ||     4
       Statue Form       |       |       |       |     6 ||     6
Invok: Slouch            |       |       |       |     3 ||     3
       Bend Time         |       |       |       |     1 ||     1
       Temporal Distorti |       |       |       |     1 ||     1
Evoke: Wand              |     6 |       |    19 |     6 ||    31
  Use: Potion            |     1 |       |     5 |     2 ||     8
       Scroll            |       |     1 |    16 |    16 ||    33
 Stab: Sleeping          |       |    11 |    10 |     9 ||    30
       Distracted        |       |     2 |     2 |     5 ||     9
       Petrified         |       |       |       |     6 ||     6
Armor: Leather armour    |     3 |    17 |    77 |       ||    97
       Robe              |       |       |     2 |    32 ||    34
       Troll leather arm |       |       |       |    71 ||    71
       Skin              |       |       |       |    90 ||    90
Dodge: Dodged            |     1 |    33 |   123 |   300 ||   457

Table legend: (Time is in decaauts)
 A = Elapsed time spent in this place.
 B = Non-inter-level travel time spent in this place.
 C = Inter-level travel time spent in this place.
 D = Time resting spent in this place.
 E = Time spent auto-exploring this place.
 F = Levels seen in this place.
 G = Mean time per level.
                   A        B        C        D        E       F      G
               +--------+--------+--------+--------+--------+-----+--------+
         Total |  15897 |  14373 |   1524 |    677 |   9981 |  14 | 1135.5 |
       Dungeon |  15777 |  14295 |   1482 |    677 |   9939 |  13 | 1213.6 |
        Temple |    120 |     78 |     42 |      0 |     42 |   1 |  120.0 |
               +--------+--------+--------+--------+--------+-----+--------+

Top non-repeatable levels by time:
     D:9: 2013 daAuts
     D:7: 1685 daAuts
    D:10: 1631 daAuts
     D:8: 1596 daAuts
     D:6: 1568 daAuts
    D:11: 1516 daAuts
     D:4: 1404 daAuts
     D:5: 1302 daAuts
     D:1: 861 daAuts
     D:2: 752 daAuts
     D:3: 700 daAuts
    D:12: 694 daAuts
  Temple: 120 daAuts
    D:13: 51 daAuts
